 Dungeon Crawl Stone Soup version 0.21.1-1-g345015f (webtiles) character file.

12989 CougarLife the Brawler (level 11, -1/142 (145) HPs)
             Began as a Troll Monk on June 10, 2018.
             Was a High Priest of Trog.
             Slain by a yak (10 damage)
             ... on level 11 of the Dungeon.
             The game lasted 00:17:49 (9331 turns).

CougarLife the Brawler (Troll Monk)                 Turns: 9331, Time: 00:17:50

HP:   -1/142 (145)  AC: 10    Str: 27    XL:     11   Next: 69%
MP:   10/10         EV: 12    Int:  8    God:    Trog [*****.]
Gold: 678           SH:  0    Dex: 12    Spells: 10/10 levels left

rFire    . . .     SeeInvis .     - Unarmed
rCold    + . .     Gourm    +   (no shield)
rNeg     . . .     Faith    .   q - +2 robe {MR+}
rPois    .         Spirit   .   p - +2 hat
rElec    .         Reflect  .   x - +0 cloak
rCorr    .         Harm     .   (gloves unavailable)
MR       +....                  (boots unavailable)
Stlth    ..........             (no amulet)
HPRegen  0.73/turn              t - ring of protection from cold
MPRegen  0.12/turn              A - +3 ring of evasion

@: berserking (expiring), extremely drained, very quick
A: large, unfitting armour, claws 3, fast metabolism 3, gourmand, regeneration
1, shaggy fur 1, tough skin 2
a: Berserk, Trog's Hand, Brothers in Arms, Burn Spellbooks, Renounce Religion


You were on level 11 of the Dungeon.
You worshipped Trog.
Trog was extremely pleased with you.
You were full.

You visited 3 branches of the dungeon, and saw 13 of its levels.

You collected 678 gold pieces.

Inventory:

Armour
 p - a +2 hat (worn)
 q - a +2 robe of magic resistance (worn)
 x - a +0 cloak (worn)
Jewellery
 t - a ring of protection from cold (left claw)
 A - a +3 ring of evasion (right claw)
Wands
 f - a wand of enslavement (19)
 m - a wand of flame (53)
 r - a wand of digging (6)
 u - a wand of iceblast (8)
 y - a wand of polymorph (15)
 C - a wand of clouds (5)
Scrolls
 a - a scroll of enchant armour {unknown}
 c - 3 scrolls of fear
 d - 3 scrolls of immolation
 e - a scroll of identify
 g - 2 scrolls of teleportation
 j - a scroll of blinking {unknown}
 l - 4 scrolls of remove curse
 D - a scroll of enchant weapon {unknown}
Potions
 h - 3 potions of flight
 i - a potion of cancellation {unknown}
 k - 5 potions of curing
 n - a potion of magic {unknown}
 o - a potion of ambrosia {unknown}
 s - 2 potions of resistance
 w - a potion of might
 z - 3 potions of heal wounds {unknown}
Comestibles
 b - 10 rations


   Skills:
 - Level 3.0(0.0) Fighting
 + Level 6.1(0.0) Throwing
 - Level 5.0(0.0) Dodging
 - Level 1.0(0.0) Stealth
 - Level 16.0(6.3) Unarmed Combat


You had 10 spell levels left.
You didn't know any spells.

Dungeon Overview and Level Annotations

Branches:
Dungeon (11/15)            Temple (1/1) D:4            Lair (1/6) D:11
    Orc: D:9-12

Altars:
Ashenzari
Cheibriados
Dithmenos
Elyvilon
Fedhas
Gozag
Hepliaklqana
Kikubaaqudgha
Makhleb
Nemelex Xobeh
Okawaru
Qazlal
Ru
Sif Muna
Trog
Uskayaw
Vehumet
Wu Jian
Xom
Yredelemnul
Zin
The Shining One

Shops:
D:6 [   D:8 =


Innate Abilities, Weirdness & Mutations

You are too large for most types of armour.
You have claws for hands.
Your metabolism is lightning-fast.
You like to eat raw meat.
Your natural rate of healing is unusually fast.
You are covered in fur. (AC +1)
You have very tough skin. (AC +2)


Message History

The hippogriff closely misses you.
You are too berserk!
You claw the hippogriff!
The hippogriff is severely wounded.
The yak gores you.
* * * LOW HITPOINT WARNING * * *
The porcupine bites you but does no damage.
You mangle the hippogriff!!
You kill the hippogriff!
Trog accepts your kill.
Your base Throwing skill increases to level 6!
You claw the yak!
The yak is moderately wounded.
The yak barely misses you.
The porcupine bites you but does no damage.
You claw the yak!
The yak is heavily wounded.
The porcupine twitches its whiskers.
The porcupine misses you. The yak gores you!
You die...

########
##......##
##?.......##
#..........#
#..........#
#..........#
#.r........#######
#@†........##.....
#Y........###.....
#
##........###.....
##
#..........##.....
.#
#...[.)....##.....
.###
#....)))...##.....
...####
#..........#####.#
##....###
#..........# #.#
#####...###
#.........## #..


You could see a yak and a porcupine.

Vanquished Creatures
  Gastronok (D:9)
  4 two-headed ogres
  Pikel (D:9)
  A gargoyle (D:10)
  A troll (D:10)
  A hornet (D:8)
  3 hippogriffs
  Sigmund (D:6)
  3 yaks (D:11)
  A hungry ghost (D:11)
  A steam dragon (D:10)
  A water moccasin (D:11)
  Duvessa (D:5)
  An orc warrior (D:6)
  2 eyes of draining
  2 phantoms (D:10)
  2 sky beasts
  A black bear (D:9)
  2 necrophages
  4 ogres
  12 centaurs
  2 big kobolds
  6 bullfrogs
  Blork the orc (D:5)
  A gnoll sergeant (D:11)
  Dowan (D:5)
  2 scorpions
  5 killer bees (D:8)
  9 wights
  2 jellies (D:8)
  4 crimson imps
  A centaur zombie (D:5)
  3 quasits
  2 bullfrog zombies
  4 hounds
  6 orc priests
  2 centaur skeletons
  13 orc wizards
  2 bullfrog skeletons
  4 iguanas
  14 worker ants
  A hound zombie (D:9)
  3 hound skeletons
  2 worker ant zombies
  9 gnolls
  10 adders
  A shadow imp (D:5)
  An ooze (D:4)
  2 adder skeletons
  2 adder zombies
  3 worms
  3 dart slugs
  7 leopard geckos
  42 orcs
  A ball python (D:4)
  5 bats
  A giant cockroach (D:2)
  8 goblins
  13 hobgoblins
  10 jackals
  5 quokkas
  7 frilled lizards
  22 kobolds
  A leopard gecko skeleton (D:4)
  A quokka skeleton (D:7)
  8 rats
298 creatures vanquished.

Vanquished Creatures (collateral kills)
  A hydra (D:10)
1 creature vanquished.

Grand Total: 299 creatures vanquished

Notes
Turn   | Place    | Note
-------+----------+-------------------------------------------
     0 | D:1      | CougarLife the Troll Monk began the quest for the Orb.
     0 | D:1      | Reached XP level 1. HP: 22/22 MP: 0/0
   140 | D:1      | Reached XP level 2. HP: 29/29 MP: 1/1
   803 | D:2      | Reached XP level 3. HP: 37/37 MP: 2/2
  1297 | D:3      | Reached skill level 4 in Unarmed Combat
  1297 | D:3      | Reached XP level 4. HP: 34/45 MP: 3/3
  1314 | D:3      | Reached XP level 5. HP: 14/53 MP: 4/4
  1316 | D:3      | Reached skill level 5 in Unarmed Combat
  1544 | D:3      | Reached skill level 6 in Unarmed Combat
  1544 | D:3      | Reached XP level 6. HP: 61/61 MP: 5/5
  2320 | D:4      | Reached skill level 7 in Unarmed Combat
  2394 | D:4      | Found a glowing golden altar of the Shining One.
  2412 | D:4      | Found a staircase to the Ecumenical Temple.
  2459 | Temple   | Entered the Ecumenical Temple
  2782 | Temple   | Became a worshipper of Trog the Wrathful
  2782 | Temple   | Reached * piety under Trog
  2782 | Temple   | Reached ** piety under Trog
  3045 | D:4      | Found a stormy altar of Qazlal.
  3048 | D:4      | Found a sparkling altar of Nemelex Xobeh.
  3052 | D:4      | Found a radiant altar of Vehumet.
  3053 | D:4      | Found a deep blue altar of Sif Muna.
  3053 | D:4      | Found a hazy altar of Hepliaklqana.
  3053 | D:4      | Found an ancient bone altar of Kikubaaqudgha.
  3053 | D:4      | Found a shattered altar of Ashenzari.
  3054 | D:4      | Found a basalt altar of Yredelemnul.
  3056 | D:4      | Found an opulent altar of Gozag.
  3153 | D:5      | Entered Level 5 of the Dungeon
  3187 | D:5      | Reached XP level 7. HP: 56/67 MP: 6/6
  3301 | D:5      | Noticed Blork the orc
  3311 | D:5      | Killed Blork the orc
  3406 | D:5      | Found a sparkling altar of Nemelex Xobeh.
  3495 | D:5      | Noticed Duvessa
  3496 | D:5      | Reached skill level 8 in Unarmed Combat
  3498 | D:5      | Noticed Dowan
  3508 | D:5      | Killed Dowan
  3512 | D:5      | Killed Duvessa
  3519 | D:5      | Reached skill level 9 in Unarmed Combat
  3771 | D:5      | Reached XP level 8. HP: 10/74 MP: 7/7
  4173 | D:6      | Noticed Sigmund
  4185 | D:6      | Killed Sigmund
  4185 | D:6      | Reached skill level 10 in Unarmed Combat
  4250 | D:6      | Reached *** piety under Trog
  4446 | D:6      | Found a glowing silver altar of Zin.
  4446 | D:6      | Found a hide-covered altar of Uskayaw.
  4572 | D:6      | Found Gegitrik's Antique Armour Shop.
  4618 | D:6      | Found a blossoming altar of Fedhas.
  4917 | D:6      | Reached skill level 5 in Dodging
  5072 | D:7      | Reached XP level 9. HP: 80/80 MP: 8/8
  5091 | D:7      | Reached skill level 11 in Unarmed Combat
  5344 | D:7      | Reached **** piety under Trog
  5585 | D:8      | Noticed a two-headed ogre
  5595 | D:8      | Killed a two-headed ogre
  5595 | D:8      | Reached skill level 12 in Unarmed Combat
  5730 | D:8      | Found Vuili's Jewellery Boutique.
  5929 | D:8      | Reached skill level 13 in Unarmed Combat
  6031 | D:8      | Noticed a two-headed ogre
  6037 | D:8      | Killed a two-headed ogre
  6037 | D:8      | Reached XP level 10. HP: 90/90 MP: 9/9
  6438 | D:8      | Found the +2 hat of the Bear Spirit {Spirit, +Rage rN+ MR++}
  6654 | D:8      | Reached skill level 14 in Unarmed Combat
  7028 | D:9      | Reached ***** piety under Trog
  7128 | D:9      | Noticed a two-headed ogre
  7132 | D:9      | Killed a two-headed ogre
  7264 | D:9      | Noticed Gastronok
  7275 | D:9      | Killed Gastronok
  7275 | D:9      | Reached skill level 15 in Unarmed Combat
  7275 | D:9      | Reached XP level 11. HP: 96/96 MP: 10/10
  7551 | D:9      | Noticed Pikel
  7555 | D:9      | Killed Pikel
  7609 | D:10     | Entered Level 10 of the Dungeon
  7666 | D:10     | Noticed a two-headed ogre
  7673 | D:10     | Killed a two-headed ogre
  7673 | D:10     | Reached skill level 16 in Unarmed Combat
  7707 | D:10     | Reached skill level 1 in Throwing
  7856 | D:10     | Found a deep blue altar of Sif Muna.
  7904 | D:10     | Received a gift from Trog
  8022 | D:10     | Noticed an eight-headed hydra
  8178 | D:10     | Killed a nine-headed hydra
  8430 | D:11     | Reached skill level 5 in Throwing
  8640 | D:11     | Found a staircase to the Lair.
  9307 | Lair:1   | Entered Level 1 of the Lair of Beasts
  9331 | D:11     | Slain by a yak

Skill      XL: |  1  2  3  4  5  6  7  8  9 10 11 |
---------------+----------------------------------+-----
Fighting       | 3 |  3.0
Dodging        | 3 5 |  5.0
Unarmed Combat | 4 6 7 9 10 13 15 16 | 16.0
Throwing       | 6 |  6.1
Stealth        | |  1.0

Action                   |  1- 3 |  4- 6 |  7- 9 | 10-12 || total
-------------------------+-------+-------+-------+-------++-------
Melee: Unarmed           |    90 |   127 |   250 |   334 ||   801
       Punch             |     1 |     3 |     8 |    27 ||    39
Invok: Burn Spellbooks   |       |     1 |     2 |     4 ||     7
       Berserk           |       |       |     4 |     6 ||    10
       Trog's Hand       |       |       |       |     2 ||     2
       Brothers in Arms  |       |       |       |     1 ||     1
  Use: Scroll            |       |     9 |     5 |     6 ||    20
       Potion            |       |       |     1 |       ||     1
 Stab: Sleeping          |     2 |     2 |     3 |     1 ||     8
  Eat: Chunk             |    17 |    12 |    34 |    35 ||    98
Armor: Robe              |    44 |    33 |    92 |   137 ||   306
Dodge: Dodged            |    57 |    72 |   121 |   294 ||   544
